[Event "*** Titled Tuesday 3|2 Blitz"]
[Site "Chess.com"]
[Date "2016.10.04"]
[Round "4"]
[White "Noukii"]
[Black "GulamaliRises"]
[Result "0-1"]
[WhiteElo "2587"]
[BlackElo "2487"]
[TimeControl "180+2"]
[EndTime "17:53:15 PDT"]
[Termination "GulamaliRises won by resignation"]

1. d4 d5 2. c4 dxc4 3. Nf3 Nf6 4. e3 e6 5. Bxc4 a6 6. O-O b5 7. Bd3 Bb7 8. a4 b4 9. Nbd2 Nbd7 10. Nb3 c5 11. dxc5 Nxc5 12. Nxc5 Bxc5 13. Qe2 Qd5 14. Rd1 Qh5 15. b3 O-O 16. Bb2 Ne4 17. Rac1 Rfc8 18.
Rc4 f5 19. Rdc1 Bd5 20. Bxe4 Bxc4 21. Qxc4 fxe4 22. Qxe6+ Qf7 23. Qxf7+ Kxf7 24. Ng5+ Kg6 25. Nxe4 Be7 26. Rb1 Rc2 27. g4 Re8 28. Bd4 Bh4 29.
Ng3 Bxg3 30. hxg3 Re4 31. Kg2 Rxg4 32. Kf3 Rg5 33. e4 Kf7 34. Ke3 Rg6 35. Rh1 h6 36. Rh5 Rc1 37. Rf5+ Kg8 38. Rd5 Rb1 39. e5 Rxb3+ 40.
Ke4 Kf7 41. Rd7+ Ke6 42. Rb7 Rg4+ 43. f4 g6 44. Rb6+ Kd7 45. Bf2 a5 46. Rb5 Rb2 47.
Bd4 Rd2 48. Rb7+ Kc6 49. Rb6+ Kc7 50. Rd6 Ra2 51. Bb6+ Kb7 52. e6 Rxg3 53. Kd5 Rd2+ 54. Bd4 Re3 55. Rd7+ Kc8 56. Rg7 Rxd4+ 57. Kxd4 Rxe6 58. Rh7 Rb6 59. Rxh6 b3 60. Rh1 Rb4+ 61. Kc3 Kd7 62. Rg1 b2 63. Rb1 Ke6 64. Kc2 Kf5 65. Kc3 Kxf4 66. Kc2 g5 67. Rf1+ Ke5 68. Kb1 g4 69.
Rf8 g3 70. Rg8 Kf4 71. Rf8+ Ke3 72. Rg8 Kf3 73. Rg5 g2 0-1

[Event "*** Titled Tuesday 3|2 Blitz"]
[Site "Chess.com"]
[Date "2016.10.04"]
[Round "4"]
[White "hardingstoptry"]
[Black "GrigorGrigorov"]
[Result "1-0"]
[WhiteElo "2476"]
[BlackElo "2529"]
[TimeControl "180+2"]
[EndTime "17:53:34 PDT"]
[Termination "hardingstoptry won on time"]

1. Nf3 Nf6 2. g3 d5 3. Bg2 c6 4.
c4 dxc4 5. Qc2 Be6 6. O-O Bd5 7.
Na3 b5 8. Rd1 e6 9. b3 cxb3 10.
axb3 Be7 11. d3 b4 12. e4 bxa3 13. Bxa3 Bxa3 14. Rxa3 O-O 15. exd5 cxd5 16. Nd4 Qb6 17. Qc3 Nbd7 18. Rc1 h5 19. h3 Ne5 20. Nf3 Nxf3+ 21.
Bxf3 Rfb8 22. Kg2 Qb4 23. Qxb4 Rxb4 24. Rc7 a5 25. Rc5 a4 26. Bd1 Nd7 27. Rc7 Nb6 28. bxa4 Ra5 29. Bxh5 g6 30. Bf3 Raxa4 31. Rxa4 Nxa4 32.
Bd1 Nb2 33. Bc2 Kg7 34. Ra7 g5 35. Kf3 Kf6 36. Ke3 Ke5 37. Rxf7 Na4 38. d4+ Kd6 39. Kd3 Nb6 40. Rg7 Nc4 41. Kc3 Rb8 42. Bb3 Na5 43.
Ba4 Nc6 44. Bxc6 Kxc6 45. Rxg5 Ra8 46. Rg6 Kb5 47. Rxe6 Ra3+ 48. Kd2 Kc4 49. h4 Kxd4 50. h5 Ra2+ 51. Ke1 Kd3 52. Kf1 Ra7 53. g4 d4 54. g5 Rd7 55. g6 Kc2 56. h6 d3 57.
Rc6+ Kb2 58. Ke1 Re7+ 59. Kd2 Re2+ 60. Kxd3 Rxf2 61. g7 1-0

[Event "*** Titled Tuesday 3|2 Blitz"]
[Site "Chess.com"]
[Date "2016.10.04"]
[Round "4"]
[White "Quiet_Desperation"]
[Black "AdrianaNikolova"]
[Result "1/2-1/2"]
[WhiteElo "2232"]
[BlackElo "2249"]
[TimeControl "180+2"]
[EndTime "17:54:04 PDT"]
[Termination "Game drawn - insufficient material"]

1. e4 c5 2. Nf3 Nc6 3. d4 cxd4 4. Nxd4 d6 5. Nc3 Nf6 6. Bg5 e6 7. f4 h6 8. Bh4 a6 9. Qd2 Nxe4 10. Nxe4 Qxh4+ 11. g3 Qd8 12. O-O-O Nxd4 13. Qxd4 d5 14. Bh3 Bd7 15.
Nc3 Qc7 16. Rhe1 O-O-O 17. Rd3 Qc5 18. Qe5 Rg8 19. Nxd5 Bd6 20. Nb6+ Qxb6 21. Rxd6 Qc7 22. Re3 Bc6 23. Red3 Rxd6 24. Rxd6 Kb8 25. Qd4 Rc8 26.
c3 Qa5 27. a3 g6 28. Bf1 h5 29. Qf6 Qc5 30. Rd4 Rc7 31. Bd3 Bd5 32. Be4 Bxe4 33.
Rxe4 Qg1+ 34. Kd2 Qg2+ 35. Re2 Rd7+ 36. Ke3 Qg1+ 37. Rf2 Qd1 38. Re2 Qg1+ 39. Rf2 Qc1+ 40. Kf3 Qd1+ 41. Kg2 Qd5+ 42. Kg1 Qe4 43. Qe5+ Qxe5 44.
fxe5 Kc7 45. Re2 Kc6 46. Kf2 Rc7 47. Kf3 Kd5 48. Kf4 Rc4+ 49. Kg5 Re4 50. Rxe4 Kxe4 51.
Kf6 b5 52. b3 Kd5 53. h4 a5 54. Kxf7 Kxe5 55. Kxg6 Ke4 56. Kxh5 e5 57. Kg4 Kd3 58.
h5 e4 59. h6 e3 60. h7 e2 61. h8=Q e1=Q 62. Qd4+ Kc2 63. c4 Qe2+ 64. Kf4 Qf1+ 65.
Ke5 Kxb3 66. cxb5 Qxb5+ 67. Qd5+ Qxd5+ 68. Kxd5 Kxa3 69. g4 a4 70. g5 Kb2 71. g6 a3 72. g7 a2 73. g8=Q a1=Q 74. Qg7+ Kb1 75. Qg1+ Ka2 76. Qa7+ Kb1 77. Qb6+ Kc2 78. Qf2+ Kd3 79.
Qf3+ Kd2 80. Qf4+ Kd3 81. Qf5+ Kd2 82. Qf4+ Kd3 83. Qg3+ Kd2 84. Qf2+ Kd3 85. Qf3+ Kd2 86. Qf4+ Kd3 87. Qe4+ Kd2 88. Qb4+ Qc3 89. Qf4+ Kc2 90. Qe4+ Qd3+ 91. Qxd3+ Kxd3 1/2-1/2

[Event "*** Titled Tuesday 3|2 Blitz"]
[Site "Chess.com"]
[Date "2016.10.04"]
[Round "4"]
[White "Dr-Bassem"]
[Black "Paralinch"]
[Result "1/2-1/2"]
[WhiteElo "2607"]
[BlackElo "2599"]
[TimeControl "180+2"]
[EndTime "17:54:15 PDT"]
[Termination "Game drawn by stalemate"]

1. e4 c6 2. d4 d5 3. exd5 cxd5 4. c4 Nf6 5. Nc3 g6 6. Qb3 Bg7 7. cxd5 O-O 8. Be2 Nbd7 9. Bf3 Nb6 10. Nge2 a5 11. a4 Bf5 12. O-O Bd3 13. d6 Qxd6 14.
Bxb7 Rab8 15. Bf4 Qb4 16. Qxb4 axb4 17. Bxb8 bxc3 18. Nxc3 Rxb8 19. Rfd1 Bc2 20. Rdc1 Bxa4 21. Nxa4 Rxb7 22. Nxb6 Rxb6 23. Ra8+ Bf8 24. Rcc8 Nd7 25.
Rc7 Rxb2 26. g3 Nb6 27. Rd8 Kg7 28. d5 Rd2 29. Rb7 Rxd5 30. Rxf8 Kxf8 31. Rxb6 g5 32. Rb4 h5 33. h3 Kg7 34. Kg2 e6 35. Ra4 Rb5 36. h4 g4 37. Rf4 Kg6 38. Rc4 Rb8 39. Rc5 f6 40. Ra5 e5 41. Ra7 Rc8 42.
Re7 Rd8 43. Kf1 Rf8 44. Kg2 Rf7 45. Re8 Rh7 46. Kf1 Kf7 47. Ra8 Ke6 48. Kg2 Kf5 49.
Rf8 Kg6 50. Rg8+ Rg7 51. Ra8 Re7 52. Rb8 e4 53. Rb3 Kf5 54. Kf1 Re5 55. Ke2 Ra5 56.
Ke3 Ke5 57. Rc3 Rb5 58. Ra3 Rc5 59. Rb3 Rd5 60. Ra3 f5 61. Rb3 f4+ 62. gxf4+ Kf5 63. Ra3 Rd3+ 64. Rxd3 exd3 65. Kxd3 Kxf4 66. Ke2 Ke4 67.
Kf1 Kf3 68. Kg1 g3 69. fxg3 Kxg3 70. Kh1 Kxh4 71. Kg1 Kg3 72. Kh1 h4 73. Kg1 h3 74.
Kh1 h2 1/2-1/2

[Event "*** Titled Tuesday 3|2 Blitz"]
[Site "Chess.com"]
[Date "2016.10.04"]
[Round "4"]
[White "GGuseinov"]
[Black "Kouzari"]
[Result "1-0"]
[WhiteElo "2597"]
[BlackElo "2460"]
[TimeControl "180+2"]
[EndTime "17:54:16 PDT"]
[Termination "GGuseinov won by checkmate"]

1. e4 e6 2. d4 d5 3. Nd2 Nc6 4. Ngf3 Nf6 5. e5 Nd7 6. Bd3 Nb4 7. Be2 c5 8. c3 Nc6 9. Bd3 Be7 10. O-O g5 11. dxc5 g4 12. Nd4 Ncxe5 13. Bb5 a6 14.
Ba4 Bxc5 15. f4 Bxd4+ 16. cxd4 Nc6 17. Bxc6 bxc6 18. Qxg4 Nf6 19. Qe2 a5 20. Qe5 Rg8 21.
f5 Ng4 22. Qf4 exf5 23. Nf3 Nf6 24. Re1+ Ne4 25. Qh6 Be6 26. Bf4 Qf6 27. Qxf6 Nxf6 28. Rac1 Ne4 29. Rxc6 a4 30. Rc7 Rc8 31. Rec1 Rxc7 32.
Rxc7 f6 33. g3 h5 34. Ra7 Bd7 35. Nh4 Ng5 36. Kf2 Ne6 37. Ke3 Nxf4 38. Kxf4 Rg4+ 39.
Ke3 f4+ 40. Kf2 fxg3+ 41. hxg3 Rxd4 42. Ke3 Rb4 43. Ng6 Rxb2 44. Nf4 Rb5 45. Kd4 Bg4 46.
Nxd5 Kd8 47. Rxa4 f5 48. Ra7 Rb1 49. Ke5 Kc8 50. Nf6 Rg1 51. Ra3 Rf1 52. Rc3+ Kd8 53. a4 Ke7 54. Nd5+ Kf7 55. Rc7+ Kg6 56. Nf4+ Kh6 57. a5 Ra1 58. Ra7 Re1+ 59. Kf6 Ra1 60. Ra8 Kh7 61. Ne6 f4 62. Ng5+ Kh6 63. Rh8# 1-0

[Event "*** Titled Tuesday 3|2 Blitz"]
[Site "Chess.com"]
[Date "2016.10.04"]
[Round "4"]
[White "agser"]
[Black "Ar4uha"]
[Result "1/2-1/2"]
[WhiteElo "2515"]
[BlackElo "2479"]
[TimeControl "180+2"]
[EndTime "17:54:38 PDT"]
[Termination "Game drawn by stalemate"]

1. d4 Nf6 2. c4 e6 3. Nf3 b6 4. g3 Ba6 5. b3 Bb4+ 6. Bd2 c5 7.
Bxb4 cxb4 8. Bg2 Bb7 9. O-O O-O 10. Nbd2 Qe7 11. Qc2 d6 12. e4 e5 13. d5 Na6 14.
Ne1 Nc5 15. a3 a5 16. Nd3 Nxd3 17. Qxd3 Nd7 18. axb4 axb4 19. Qe3 Nc5 20. Rfb1 Qc7 21. Nf3 Rxa1 22. Rxa1 Ra8 23. Rxa8+ Bxa8 24. Ne1 Qa7 25. Nc2 Qa2 26. Nxb4 Qxb3 27. Qxb3 Nxb3 28. Na6 Bb7 29.
Nb8 Nd2 30. Bf1 Nxe4 31. Nd7 Nc5 32. Nxb6 Kf8 33. f4 Ke7 34. Kf2 f5 35. Ke3 h6 36.
Bd3 Kf6 37. Bc2 g5 38. Na4 Nd7 39. Nc3 Ba6 40. Bd3 Nc5 41. Nb5 Bxb5 42. cxb5 Nd7 43. Be2 Nb6 44. Bf3 e4 45. Be2 Nxd5+ 46. Kd4 Nb6 47. Bd1 Ke6 48. Bb3+ d5 49. Kc5 e3 50. Bd1 Na4+ 51. Kb4 Nb6 52. Kc5 Na4+ 53. Kb4 Nb6 54. Kc5 Nd7+ 55. Kd4 Kd6 56. Kxe3 Kc5 57. fxg5 hxg5 58.
h4 d4+ 59. Kd3 Ne5+ 60. Kd2 gxh4 61. gxh4 Kxb5 62. h5 Kc5 63. h6 Nf7 64. h7 Nh8 65.
Bc2 f4 66. Ke2 Kc4 67. Kf3 Kd5 68. Kxf4 Ke6 69. Kg5 Kf7 70. Kh6 Kf6 71. Bd3 Kf7 72. Bb5 Kf8 73. Bc4 d3 74. Bxd3 Nf7+ 75. Kg6 Ne5+ 76.
Kh6 Nf7+ 77. Kg6 Ne5+ 78. Kf6 Ng4+ 79. Kg6 Ne5+ 80. Kf5 Kg7 81. Kxe5 Kh8 82. Kf6 1/2-1/2

[Event "*** Titled Tuesday 3|2 Blitz"]
[Site "Chess.com"]
[Date "2016.10.04"]
[Round "4"]
[White "wonderfultime"]
[Black "pKiLz5Rn9b"]
[Result "0-1"]
[WhiteElo "2697"]
[BlackElo "2529"]
[TimeControl "180+2"]
[EndTime "17:55:50 PDT"]
[Termination "pKiLz5Rn9b won by resignation"]

1. d4 e6 2. c4 Nf6 3. Nf3 b6 4. a3 Bb7 5. Nc3 d5 6. cxd5 exd5 7. Bg5 Be7 8. Qa4+ c6 9. e3 O-O 10. Bd3 Nbd7 11. O-O Re8 12. Rfc1 a6 13. Qc2 c5 14. Bf4 c4 15. Bf5 b5 16. Ne5 g6 17. Bh3 Nxe5 18. Bxe5 Bd6 19. Bg3 Bxg3 20. hxg3 Bc6 21. Nb1 a5 22.
Nd2 Bd7 23. Bxd7 Qxd7 24. Nf3 Ne4 25. Nd2 Nd6 26. Nf3 f6 27. Nd2 b4 28. axb4 axb4 29.
Qd1 Qe6 30. Ra4 b3 31. Rca1 Rxa4 32. Rxa4 Ne4 33. Ra7 Nxd2 34. Qxd2 Qb6 35. Rd7 Qc6 36. Ra7 Ra8 37. Rxa8+ Qxa8 38. e4 Qc6 39. exd5 Qxd5 40.
Qe3 Kf7 41. Qf4 g5 42. Qc7+ Kg6 43. Qb6 Qe4 44. Kh2 Qd3 45. Qd8 c3 46. Qg8+ Kh6 47. Qxb3 Qxd4 48. Qxc3 Qxf2 49. b4 f5 50. b5 f4 51.
gxf4 Qxf4+ 52. Qg3 Qb4 53. Qe5 Kh5 54. Qe8+ Kh6 55.
Qe6+ Kh5 56. b6 Qf4+ 57. Kg1 Qc1+ 58. Kf2 Qc5+ 59. Kf3 Qc3+ 60. Ke4 Qc2+ 61. Ke5 Qxg2 62. Qf7+ Kh6 63. b7 Qh2+ 64. Kf6 Qf4+ 65. Ke7 Qc7+ 66.
Ke6 Qc4+ 67. Kf6 Qc6+ 68. Ke5 Qb5+ 69. Kd4 Qb4+ 70. Kd3 Qb1+ 71. Kc3 Qa1+ 72. Kb4 Qd4+ 73. Kb5 Qb2+ 74. Kc6 Qc3+ 75. Kd7 Qd4+ 76. Kc6 Qc3+ 77. Kd6 Qb4+ 78. Kc7 Qc5+ 79. Kb8 Qd6+ 80. Kc8 Qc6+ 81.
Kd8 Qd6+ 82. Qd7 Qf8+ 83. Kc7 Kh5 84. b8=Q Qc5+ 85. Qc6 Qe7+ 86. Kb6 Qb4+ 87. Ka7 Qa5+ 88. Qa6 Qc5+ 89. Qbb6 Qe7+ 90. Qab7 Qa3+ 91. Kb8 Qf8+ 92.
Qc8 Qf4+ 93. Qcc7 Qf8+ 94. Qd8 Qf4+ 95. Qdd6 Qc1 96. Qh6+ Kg4 97. Qbe6+ Kg3 98. Qhh3+ Kf2 99. Qh2+ Kf3 100. Qd5+ Kg4 101. Qe4+ Qf4+ 102. Qexf4+ gxf4 103. Qg2+ Kf5 104. Kc7 h5 105. Kd6 h4 106. Kd5 f3 107. Qg3 hxg3 0-1

[Event "*** Titled Tuesday 3|2 Blitz"]
[Site "Chess.com"]
[Date "2016.10.04"]
[Round "5"]
[White "spirals5"]
[Black "Rating-Schmating"]
[Result "1-0"]
[WhiteElo "2271"]
[BlackElo "2207"]
[TimeControl "180+2"]
[EndTime "17:57:10 PDT"]
[Termination "spirals5 won by checkmate"]

1. e4 e6 2. Nf3 d5 3. e5 c5 4. c4 d4 5. d3 Nc6 6. Bf4 h6 7.
h4 Nge7 8. Nbd2 g6 9. g4 h5 10. Ne4 hxg4 11. Nf6# 1-0

[Event "*** Titled Tuesday 3|2 Blitz"]
[Site "Chess.com"]
[Date "2016.10.04"]
[Round "5"]
[White "AllStarShark"]
[Black "josiwales"]
[Result "1-0"]
[WhiteElo "2277"]
[BlackElo "2207"]
[TimeControl "180+2"]
[EndTime "18:00:17 PDT"]
[Termination "AllStarShark won by resignation"]

1. d4 Nf6 2. Bg5 Ne4 3. Bf4 g6 4. f3 Nf6 5. e4 Bg7 6. Nc3 d6 7.
Qd2 O-O 8. h4 h5 9. O-O-O Nc6 10.
g4 hxg4 11. h5 gxh5 12. Bg5 e6 13. fxg4 Qe8 14. gxh5 Nh7 15. h6 Bxd4 16. Nf3 e5 17. Nd5 Bg4 18. Qg2 Bxf3 19. Qxf3 Nxg5 20. Qf6 1-0

[Event "*** Titled Tuesday 3|2 Blitz"]
[Site "Chess.com"]
[Date "2016.10.04"]
[Round "5"]
[White "Kubas1010"]
[Black "Jahonas"]
[Result "1-0"]
[WhiteElo "2447"]
[BlackElo "2163"]
[TimeControl "180+2"]
[EndTime "18:00:30 PDT"]
[Termination "Kubas1010 won by checkmate"]

1. e4 e5 2. Nf3 Nc6 3. Bb5 Nge7 4. Nc3 a6 5. Bc4 Ng6 6. O-O Be7 7. d4 exd4 8. Nxd4 Nxd4 9. Qxd4 O-O 10. f4 d6 11.
Nd5 c6 12. Nxe7+ Qxe7 13. b3 b5 14. Bd3 c5 15. Qe3 Bb7 16. Bb2 f5 17. Rae1 Rae8 18.
Qg3 fxe4 19. f5 Qh4 20. fxg6 Qxg3 21. hxg3 exd3 22. Rxf8+ Rxf8 23. Re7 d2 24. Rxg7+ Kh8 25. Rxh7+ Kg8 26. Rh8# 1-0

[Event "*** Titled Tuesday 3|2 Blitz"]
[Site "Chess.com"]
[Date "2016.10.04"]
[Round "5"]
[White "Schwarzschidl"]
[Black "theprosecution1"]
[Result "0-1"]
[WhiteElo "2333"]
[BlackElo "2476"]
[TimeControl "180+2"]
[EndTime "18:00:44 PDT"]
[Termination "theprosecution1 won by checkmate"]

1. e4 c5 2. Nf3 d6 3. d4 cxd4 4.
Nxd4 Nf6 5. Nc3 g6 6. Be3 Bg7 7. Bc4 O-O 8. f3 Nc6 9. Qd2 Bd7 10. O-O-O Rb8 11. Bb3 a5 12. g4 b5 13. Ndxb5 a4 14. Bxa4 Qa5 15. Nd4 Nxd4 16. Bxd7 Nxf3 17. Qg2 Rxb2 18. Qxf3 Qxc3 19. Ba4 Nxe4 20. Rd3 Rb1+ 21. Kxb1 Qa1# 0-1

[Event "*** Titled Tuesday 3|2 Blitz"]
[Site "Chess.com"]
[Date "2016.10.04"]
[Round "5"]
[White "Iwannabetheguy"]
[Black "jk13"]
[Result "0-1"]
[WhiteElo "2005"]
[BlackElo "2476"]
[TimeControl "180+2"]
[EndTime "18:00:50 PDT"]
[Termination "jk13 won by resignation"]

1. e4 d6 2. d4 Nf6 3. Nc3 Nbd7 4.
f4 e5 5. fxe5 dxe5 6. d5 Bc5 7.
Nf3 Ng4 8. Ng5 Bf2+ 9. Ke2 Bb6 10. Ke1 Nf2 11. Qf3 O-O 12. Rg1 h6 13. Be3 Bxe3 14. Qxe3 Ng4 15. Qg3 Qxg5 16. Be2 Ngf6 17. Qf3 Nc5 18.
Rd1 Bg4 19. Qf2 Ncxe4 20. Nxe4 Nxe4 21. Qf1 Qe3 22. Rh1 Rad8 23. h3 Ng3 24. Rd3 Nxf1 0-1

[Event "*** Titled Tuesday 3|2 Blitz"]
[Site "Chess.com"]
[Date "2016.10.04"]
[Round "5"]
[White "Po6Don"]
[Black "brightthunder"]
[Result "1-0"]
[WhiteElo "2118"]
[BlackElo "2321"]
[TimeControl "180+2"]
[EndTime "18:00:58 PDT"]
[Termination "Po6Don won by resignation"]

1. e4 c5 2. Nf3 e6 3. c3 Nf6 4. e5 Nd5 5. d4 cxd4 6. cxd4 d6 7. Bc4 Be7 8. O-O O-O 9. Qe2 b6 10. Nc3 Nxc3 11. bxc3 Bb7 12. exd6 Qxd6 13. Bd3 Nd7 14. a4 g6 15. Ba3 Qxa3 16. Rxa3 Bxa3 17. Be4 Bxe4 18.
Qxe4 Nf6 19. Qh4 Be7 20. Ne5 Rac8 21. c4 Rfd8 22. h3 Rc7 23. Ra1 Nd5 24. Qg3 Nf6 25.
Nxf7 Rxc4 26. Nxd8 1-0

[Event "*** Titled Tuesday 3|2 Blitz"]
[Site "Chess.com"]
[Date "2016.10.04"]
[Round "5"]
[White "johnathan113"]
[Black "Quiet_Desperation"]
[Result "1-0"]
[WhiteElo "2299"]
[BlackElo "2225"]
[TimeControl "180+2"]
[EndTime "18:01:25 PDT"]
[Termination "johnathan113 won by resignation"]

1. e4 e6 2. b3 d5 3. Bb2 Nf6 4. e5 Nfd7 5. f4 c5 6. Qg4 Nc6 7. Nf3 f5 8. Qh3 Be7 9. g4 O-O 10. Rg1 g6 11. gxf5 Rxf5 12. Bd3 Rf7 13. Bxg6 hxg6 14. Rxg6+ Rg7 15. Qxe6+ Kf8 16. Qf5+ Nf6 17.
Rxf6+ Bxf6 18. Qxf6+ Qxf6 19. exf6 Rh7 20. Nc3 Nb4 21.
O-O-O Bg4 22. Ng5 Rxh2 23. Rg1 Bf5 24. f7 a6 25. a3 d4 26. axb4 dxc3 27. Bxc3 Bg6 28.
Nf3 Rh6 29. bxc5 Bxf7 30. Bg7+ 1-0

[Event "*** Titled Tuesday 3|2 Blitz"]
[Site "Chess.com"]
[Date "2016.10.04"]
[Round "5"]
[White "JMatias"]
[Black "FearNoEvil12"]
[Result "1-0"]
[WhiteElo "2194"]
[BlackElo "2008"]
[TimeControl "180+2"]
[EndTime "18:01:45 PDT"]
[Termination "JMatias won by resignation"]

1. d4 b5 2. e4 a6 3. c4 bxc4 4.
Bxc4 e6 5. Nc3 Bb7 6. Nf3 Nf6 7. e5 Ne4 8. O-O Nxc3 9. bxc3 Be7 10. Rb1 Be4 11.
Rb2 Nc6 12. Re1 Bg6 13. Qe2 O-O 14. Bxa6 Ba3 15. Rd2 Bxc1 16. Rxc1 Qe7 17. Bb7 Rad8 18. Bxc6 dxc6 19. Qc4 c5 20. Qxc5 Qxc5 21. dxc5 Rxd2 22. Nxd2 Ra8 23. Ra1 Ra5 24. a4 Rxc5 25. a5 Rd5 26. a6 Rd8 27. a7 Ra8 28. f3 Kf8 29. Kf2 Ke7 30. Ke3 Kd7 31. Ra6 Kc8 32. Nb3 Bc2 33.
Nc5 Bf5 34. g4 Bc2 35. h4 h6 36. f4 Bd1 37. g5 h5 38. g6 fxg6 39. Rxe6 Kd8 40.
Rxg6 Rxa7 41. Rxg7 Ra2 42. Rd7+ Kc8 43. Rxd1 1-0

[Event "*** Titled Tuesday 3|2 Blitz"]
[Site "Chess.com"]
[Date "2016.10.04"]
[Round "5"]
[White "nonscitis"]
[Black "ZEN-22"]
[Result "1-0"]
[WhiteElo "2317"]
[BlackElo "2241"]
[TimeControl "180+2"]
[EndTime "18:01:57 PDT"]
[Termination "nonscitis won by resignation"]

1. c4 e6 2. Nc3 d5 3. d4 c5 4.
e3 Nf6 5. Nf3 a6 6. cxd5 exd5 7.
dxc5 Bxc5 8. b3 Nc6 9. Na4 Bb4+ 10. Bd2 Qa5 11. Bxb4 Nxb4 12. Nd2 b5 13. Nc5 Ne4 14.
Ncxe4 dxe4 15. a3 Nd3+ 16. Bxd3 exd3 17. Qf3 Ra7 18. Qe4+ Be6 19. b4 Qd8 20. Qc6+ Rd7 21. Qxa6 O-O 22. Qxb5 Rd5 23. Qa4 Bg4 24. f3 Qh4+ 25. g3 Qh3 26. fxg4 Qg2 27. O-O-O h5 28. Kb1 Rc8 29. Rc1 Rxc1+ 30. Rxc1 Qxd2 31. Qe8+ Kh7 32. Qe4+ g6 33. Qxd5 Qxe3 34. Qxf7+ Kh6 35. Qf4+ Qxf4 36. gxf4 hxg4 37. b5 1-0

[Event "*** Titled Tuesday 3|2 Blitz"]
[Site "Chess.com"]
[Date "2016.10.04"]
[Round "5"]
[White "Scott-fox21"]
[Black "FLchessplayer"]
[Result "1-0"]
[WhiteElo "2155"]
[BlackElo "2010"]
[TimeControl "180+2"]
[EndTime "18:02:08 PDT"]
[Termination "Scott-fox21 won by checkmate"]

1. d4 c5 2. d5 d6 3. c4 g6 4. Nc3 Bg7 5. e4 Nf6 6. h3 O-O 7. Bg5 h6 8. Be3 b5 9. cxb5 a6 10.
bxa6 Qa5 11. Bd2 Bxa6 12. Bxa6 Qxa6 13. Nge2 Nbd7 14. O-O Rfb8 15. Qc1 Kh7 16. Ng3 h5 17. Bg5 Qb6 18. b3 Re8 19. Kh2 Ne5 20. f4 Nd3 21. Qd2 Nb4 22. e5 Nd7 23. e6 fxe6 24.
dxe6 Nf6 25. f5 gxf5 26. Nxf5 Bh8 27. Bxf6 Bxf6 28. Qh6+ Kg8 29. Qg6+ Kf8 30. Qf7# 1-0

[Event "*** Titled Tuesday 3|2 Blitz"]
[Site "Chess.com"]
[Date "2016.10.04"]
[Round "5"]
[White "Rumpel-VK"]
[Black "Joshukid"]
[Result "0-1"]
[WhiteElo "2444"]
[BlackElo "2362"]
[TimeControl "180+2"]
[EndTime "18:03:10 PDT"]
[Termination "Joshukid won by resignation"]

1. e4 c5 2. g3 Nc6 3. Bg2 g6 4.
d3 Bg7 5. f4 e6 6. Nf3 d6 7. O-O Nge7 8. c3 O-O 9. Na3 b6 10. Be3 Bb7 11. Qd2 d5 12. Rad1 dxe4 13. dxe4 Qxd2 14. Nxd2 Rfd8 15. e5 Na5 16. Bxb7 Nxb7 17.
Ne4 Rxd1 18. Rxd1 Rd8 19. Rxd8+ Nxd8 20. Nb5 Ndc6 21. c4 Kf8 22. Ned6 Nf5 23. Kf2 Nxd6 24. Nxd6 Ke7 25. b3 h5 26. Ne4 Kd7 27. Kf3 Bf8 28.
h3 Be7 29. g4 hxg4+ 30. Kxg4 Nb4 31. a3 Nc2 32. Bc1 Nd4 33. Nd2 Kc6 34. Bb2 Nf5 35. Nf3 Ne3+ 36. Kg3 Nf5+ 37. Kg4 Ne3+ 38. Kg3 Nf5+ 39.
Kf2 a6 40. a4 b5 41. Bc1 bxa4 42. bxa4 Nd4 43. Nxd4+ cxd4 44. Ke2 Bb4 45. Bb2 Kb6 46. Bxd4+ Ka5 47. c5 Kxa4 48. c6 Ba5 49. f5 Kb5 50.
fxg6 fxg6 51. Kf3 Kxc6 52. Be3 Kd5 53. Kg4 Bd8 54. Kf4 a5 0-1

[Event "*** Titled Tuesday 3|2 Blitz"]
[Site "Chess.com"]
[Date "2016.10.04"]
[Round "5"]
[White "pedromartinez91"]
[Black "Noukii"]
[Result "0-1"]
[WhiteElo "2332"]
[BlackElo "2590"]
[TimeControl "180+2"]
[EndTime "18:03:45 PDT"]
[Termination "Noukii won by resignation"]

1. e4 Nf6 2. e5 Nd5 3. d4 d6 4.
exd6 cxd6 5. Nf3 g6 6. Be2 Bg7 7. O-O O-O 8. c4 Nb6 9. Nc3 Nc6 10. Be3 Bg4 11. d5 Bxf3 12. Bxf3 Ne5 13. Bxb6 Qxb6 14. Na4 Qa5 15. Be2 Rac8 16. Rc1 b5 17. f4 Nxc4 18. Bxc4 bxc4 19. Re1 Bf6 20. Re4 Qb5 21. Kh1 Rc7 22. Re2 Rb8 23. Nc3 Qa5 24. a3 Rcb7 25. Ne4 Bxb2 26.
Rxc4 Bxa3 27. Nc3 Bb2 28. Rc2 Bxc3 29. R4xc3 Rb1 30. Rc8+ Kg7 31. Rc1 Rxc1 32. Rxc1 Qb4 33. f5 Qe4 34. fxg6 hxg6 35. h3 Rb2 36. Qf1 Qxd5 37.
Rc7 Qe4 38. Rc3 Rb1 39. Rc1 Rxc1 40. Qxc1 Qd4 41. Qg5 Qa1+ 42. Kh2 Qe5+ 43. Qxe5+ dxe5 0-1

[Event "*** Titled Tuesday 3|2 Blitz"]
[Site "Chess.com"]
[Date "2016.10.04"]
[Round "5"]
[White "jlandaw"]
[Black "Fins0905"]
[Result "1-0"]
[WhiteElo "2306"]
[BlackElo "2433"]
[TimeControl "180+2"]
[EndTime "18:03:46 PDT"]
[Termination "jlandaw won by resignation"]

1. e4 d5 2. Nc3 dxe4 3. Nxe4 Qd5 4. Ng3 Nc6 5. Nf3 e5 6. Bd3 Nf6 7. O-O Bc5 8. h3 O-O 9. Qe2 Re8 10. Ne4 Be7 11. c3 Nh5 12. Bc4 Nf4 13. Bxd5 Nxe2+ 14. Kh1 Bf5 15. d3 Nxc1 16. Raxc1 Bf8 17. Rfe1 Rad8 18.
Bxc6 bxc6 19. Ng3 Bxd3 20. Nxe5 Rd6 21. Nxd3 Rxe1+ 22. Nxe1 Rd2 23. Rc2 Rd1 24. Re2 g6 25.
Kh2 f5 26. Nf3 Bd6 27. h4 h6 28. Kh3 Kg7 29. Rd2 Ra1 30. h5 g5 31. Nxf5+ Kf6 32. Nxd6 cxd6 33. Rxd6+ Kf5 34. Kg3 Rxa2 35. Rxh6 Rxb2 36.
Rxc6 1-0

[Event "*** Titled Tuesday 3|2 Blitz"]
[Site "Chess.com"]
[Date "2016.10.04"]
[Round "5"]
[White "IamSchrodingersCat"]
[Black "MFBerna"]
[Result "0-1"]
[WhiteElo "2257"]
[BlackElo "2171"]
[TimeControl "180+2"]
[EndTime "18:04:09 PDT"]
[Termination "MFBerna won by checkmate"]

1. e4 e5 2. Nf3 Nc6 3. Bb5 a6 4. Ba4 Nf6 5. O-O Be7 6. d3 b5 7. Bb3 O-O 8. Nc3 d6 9. a3 Bb7 10. Nd5 Nxd5 11. Bxd5 Na5 12. b4 Bxd5 13. exd5 Nb7 14.
c4 Qd7 15. Be3 a5 16. Qb3 c6 17. dxc6 Qxc6 18. Rfc1 axb4 19. axb4 Rfc8 20. Rxa8 Rxa8 21. h3 Nd8 22. d4 bxc4 23. Rxc4 Qd5 24. dxe5 dxe5 25.
Qc3 f6 26. Nd2 Ne6 27. Rc8+ Rxc8 28. Qxc8+ Kf7 29. Qc3 f5 30. Bb6 Nf4 31. Qc2 Qxg2# 0-1

[Event "*** Titled Tuesday 3|2 Blitz"]
[Site "Chess.com"]
[Date "2016.10.04"]
[Round "5"]
[White "Kawhi_Leonard2"]
[Black "talaicito"]
[Result "1-0"]
[WhiteElo "2020"]
[BlackElo "1999"]
[TimeControl "180+2"]
[EndTime "18:04:20 PDT"]
[Termination "Kawhi_Leonard2 won by resignation"]

1. e4 e6 2. d4 d5 3. Nd2 Nf6 4. e5 Nfd7 5. Bd3 c5 6. c3 Nc6 7. Ne2 cxd4 8. cxd4 f6 9. exf6 Nxf6 10. Nf3 Qc7 11.
O-O Bd6 12. g3 O-O 13. Bf4 a6 14. Rc1 Nh5 15. Bxd6 Qxd6 16. Kg2 Bd7 17. Qd2 h6 18. a3 Rf6 19. Neg1 Raf8 20. Rce1 g5 21. Bb1 Qe7 22. Ne5 Qg7 23. Ngf3 Be8 24. Nxc6 Bxc6 25.
Ne5 Bb5 26. Bd3 Bxd3 27. Qxd3 Rf5 28. Rc1 Nf6 29. f3 g4 30. fxg4 Rxf1 31. Rxf1 Nxg4 32. Rxf8+ Kxf8 33. Qf3+ Nf6 34. Ng4 Ke7 35. Nxf6 Qxf6 36. Qxf6+ Kxf6 37. Kf3 Kf5 38. g4+ Kg5 39. Kg3 b6 40. h4+ Kg6 41. Kf4 Kf6 42. b3 a5 43.
a4 Kf7 44. Ke5 Ke7 45. g5 h5 46. g6 Kf8 47. Kxe6 Kg7 48. Kf5 Kh6 49. Kf6 b5 50.
g7 b4 51. Kf7 1-0

[Event "*** Titled Tuesday 3|2 Blitz"]
[Site "Chess.com"]
[Date "2016.10.04"]
[Round "5"]
[White "3f32"]
[Black "cheese111"]
[Result "1-0"]
[WhiteElo "2276"]
[BlackElo "2297"]
[TimeControl "180+2"]
[EndTime "18:04:30 PDT"]
[Termination "3f32 won by resignation"]

1. d4 Nf6 2. c4 g6 3. Nc3 d5 4. cxd5 Nxd5 5. e4 Nxc3 6. bxc3 Bg7 7. Qa4+ Nd7 8. Nf3 c5 9. Be2 O-O 10. O-O Nb6 11. Qa3 cxd4 12. cxd4 Bg4 13. Bg5 Bxf3 14. Bxf3 Qxd4 15. Bxe7 Nc4 16. Qb4 a5 17. Qa4 Rfc8 18.
Rac1 Nd2 19. Qxd4 Bxd4 20. Rcd1 Nxf3+ 21. gxf3 Be5 22. Rd7 Rc7 23. Rxc7 Bxc7 24. Rd1 b5 25. Rd7 Be5 26. Rd5 f6 27. Rxb5 a4 28. Bb4 Rb8 29.
Rxb8+ Bxb8 30. Kf1 Bxh2 31. Ke2 Bf4 32. Be7 Kf7 33.
Bd8 h5 34. Kf1 Ke6 35. Ke2 Be5 36. Ke3 h4 37. Ke2 Bf4 38. Kf1 g5 39. Kg2 f5 40.
Kh3 Ke5 41. Bc7+ Ke6 42. Bxf4 gxf4 43. Kxh4 fxe4 44. fxe4 Ke5 45. f3 Kd4 46. Kg4 a3 47. Kxf4 Kc3 48. e5 Kb2 49. e6 Kxa2 50. e7 Kb1 51.
e8=Q a2 52. Qe1+ Kb2 53. Ke4 a1=Q 54. Qxa1+ Kxa1 55. f4 1-0